 Dungeon Crawl Stone Soup version 0.30.1-11-g7821555f0a (webtiles) character file.

Game seed: 2418164825988109357

4 Nestrion the Stinger (level 1, 0/10 HPs)
             Began as a Gargoyle Venom Mage on Aug 14, 2023.
             Slain by a quokka (1 damage)
             ... on level 1 of the Dungeon on Nov 15, 2023.
             The game lasted 00:01:55 (154 turns).

Nestrion the Stinger (Gargoyle Venom Mage)           Turns: 154, Time: 00:01:56

Health: 0/10       AC:  4    Str: 11    XL:     1   Next: 70%
Magic:  3/3        EV: 12    Int: 15    God:
Gold:   7          SH:  0    Dex: 10    Spells: 3/4 levels left

rFire   . . .        (no weapon)
rCold   . . .        (no shield)
rNeg    + . .        a - +0 robe
rPois   ∞            (no helmet)
rElec   +            (no cloak)
rCorr   .            (no gloves)
SInv    .            (no boots)
Will    .....        (no amulet)
Stlth   ++           (no ring)
HPRegen 0.21/turn    (no ring)
MPRegen 0.08/turn

%: no passive effects
@: no status effects
A: sickness immunity, AC +2, negative energy resistance 1, electricity
resistance, torment resistance 1, petrification resistance
a: no special abilities


You were on level 1 of the Dungeon.
You visited 1 branch of the dungeon, and saw 1 of its levels.

You collected 7 gold pieces.

Inventory:

Armour
 a - a +0 robe (worn)
Potions
 b - a potion of magic
 c - a potion of curing {unknown}


   Skills:
 + Level 1.6 Dodging
 + Level 2.3 Stealth
 + Level 2.0 Spellcasting
 + Level 0.9 Transmutations
 + Level 3.0 Poison Magic


You had 3 spell levels left.
You knew the following spells:

 Your Spells              Type           Power      Damage    Failure   Level
a - Sting                 Tmut/Pois      28%        1d4       10%         1

Your spell library contained the following spells:

 Spells                   Type           Power      Damage    Failure   Level
 Poisonous Vapours        Pois/Air       12%        N/A       19%         2
 Mephitic Cloud           Conj/Pois/Air  4%         N/A       41%         3
 Olgreb's Toxic Radiance  Pois           10%        N/A       52%         4


Dungeon Overview and Level Annotations

Branches:
Dungeon (1/15)

Altars:


Innate Abilities, Weirdness & Mutations

You are immune to sickness and miasma.
Your stone body is resilient. (AC +2)
You are immune to poison.
You resist negative energy. (rN+)
You are resistant to electric shocks. (rElec)
You are resistant to unholy torment.
You are immune to petrification.


Message History

Welcome back, Nestrion the Gargoyle Venom Mage.
Press ? for a list of commands and other information.
There are no items here.
There is a stone staircase leading down here.
A giant cockroach and a goblin come into view.
A quokka comes into view.
The goblin closely misses you.
You hit the goblin.
The goblin is moderately wounded.
The goblin hits you but does no damage.
You closely miss the goblin.
The goblin is moderately wounded.
The goblin hits you with a +0 dagger.
You hit the goblin but do no damage.
The goblin is moderately wounded.
The goblin barely misses you.
You miss the goblin.
The goblin is moderately wounded.
The goblin hits you but does no damage.
You hit the goblin.
The goblin is severely wounded.
The quokka misses you. The goblin barely misses you.
You hit the goblin.
You kill the goblin!
The quokka barely misses you.
You closely miss the quokka. The quokka closely misses you.
You barely miss the quokka. The quokka bites you. x2
* * * LOW HITPOINT WARNING * * *
You barely miss the quokka. The quokka barely misses you.
You hit the quokka.
The quokka is moderately wounded.
The quokka bites you.
* * * LOW HITPOINT WARNING * * *
You barely miss the quokka.
The quokka is moderately wounded.
The quokka barely misses you.
You closely miss the quokka.
The quokka is moderately wounded.
The quokka bites you.
You die...

#...>........##..♣♣~~P...#
#.#8..8###.##...~♣~~~P♣#..
#.##..####..†..♣♣~~♣P~♣†..
#.......#......~P~~~~~~♣##
#######.#.....PP~♣~~P♣~♣~
#.#..##♣PPP~~~~~~♣~#
#......♣~~♣~P~~~~ ♣~
###.#.#~~~~~~≈≈P~ ♣~
#.r@...~~~~ ≈≈≈≈~~♣~
#.....)#.♣~P~~≈≈≈≈≈≈~~♣
#........♣ B~≈ ≈≈≈P~~
#......##♣ ≈≈ ≈≈≈~~♣
#......# ≈ ≈≈≈~~P #......#
≈≈≈≈~~ ######## ≈≈≈~♣
≈≈~P♣ ≈~≈ ♣


You could see a quokka.

Vanquished Creatures
  An endoplasm (D:1)
  A goblin (D:1)
  A ball python (D:1)
  A frilled lizard (D:1)
  A rat (D:1)
5 creatures vanquished.

Notes
Turn   | Place    | Note
-------+----------+-------------------------------------------
     0 | D:1      | Nestrion the Gargoyle Venom Mage began the quest for the
                  | Orb.
     0 | D:1      | Reached XP level 1. HP: 10/10 MP: 3/3
   122 | D:1      | Upgraded the game from 0.30.1-4-g462c640d31 to
                  | 0.30.1-11-g7821555f0a
   154 | D:1      | Slain by a quokka

Illustrated notes

Levels and vault maps discovered:
D:1:      mrwooster_arrival_statue_2, layout_basic, serial_bayou,
          serial_bayou_pond_a, serial_bayou_lake_a, serial_bayou_pond_e,
          serial_bayou_shore_b, serial_bayou_lagoon_b, serial_bayou_pond_c,
          hellmonk_ecumenical_altar_pennies_from_heaven, st_stairs_6

Action                     || total
---------------------------++-------
  Melee: Unarmed           ||    16
   Cast: Sting             ||     4
 Armour: Robe              ||     3
  Dodge: Dodged            ||    10
